[Event "Late-Titled-Tuesday-Blitz-January-23-2024"]
[Site "Chess.com"]
[Date "2024.01.23"]
[Round "1"]
[White "Balla_Tamas"]
[Black "MetiForce"]
[Result "1/2-1/2"]
[WhiteElo "2464"]
[BlackElo "2840"]
[TimeControl "180+1"]
[EndTime "14:08:18 PST"]
[Termination "Game drawn - insufficient material"]

1. e4 c5 2. c3 d6 3. d4 cxd4 4. cxd4 Nf6 5. Nc3 g6 6. Nf3 Bg7 7. h3 O-O 8. Be3 Nc6 9. Be2 Bd7 10. O-O a6 11. Qd2 b5 12. a3 Na5 13. Rad1 Rc8 14.
e5 Ne8 15. Bh6 Nc4 16. Bxc4 Rxc4 17. Rfe1 Bc6 18. d5 Bb7 19. Bxg7 Nxg7 20. exd6 exd6 21. Ne4 Nf5 22. Rc1 Rxc1 23. Rxc1 Re8 24. Re1 Re7 25. Qg5 h6 26. Qd2 Kh7 27. g4 Rxe4 28. Rxe4 Ne7 29. Rd4 Ng8 30. Qf4 Kg7 31. g5 hxg5 32. Nxg5 Nh6 33.
Ne4 Nf5 34. Rd3 Qc7 35. Qd2 Qc4 36. Qc3+ Kf8 37. Qh8+ Ke7 38. Qf6+ Kf8 39. Nxd6 Nxd6 40. Qxd6+ Kg8 41. Re3 Bxd5 42. Re8+ Kh7 43. Re1 Qd3 44.
Qe7 Qxh3 45. Re4 Bxe4 46. Qxf7+ Kh6 47. Qf4+ Kh5 48. Qxe4 Qg4+ 49. Qxg4+ Kxg4 50. Kg2 Kf4 51. f3 a5 52. b4 axb4 53. axb4 Ke3 54. Kg3 Kd4 55. Kg4 Kc4 56. Kg5 Kxb4 57. Kxg6 Kc4 58. f4 b4 59. f5 b3 60. f6 b2 61. f7 b1=Q+ 62. Kg7 Qg1+ 63. Kh8 Qh2+ 64. Kg8 Qg3+ 65. Kh8 Qh4+ 66. Kg8 Qg5+ 67. Kh8 Qh5+ 68. Kg8 Qg6+ 69. Kh8 Qf6+ 70. Kg8 Qxf7+ 71. Kxf7 1/2-1/2

[Event "Late-Titled-Tuesday-Blitz-January-23-2024"]
[Site "Chess.com"]
[Date "2024.01.23"]
[Round "1"]
[White "Jarrahi2452"]
[Black "diamonds13"]
[Result "1-0"]
[WhiteElo "2646"]
[BlackElo "2337"]
[TimeControl "180+1"]
[EndTime "14:08:18 PST"]
[Termination "Jarrahi2452 won by resignation"]

1. d4 Nf6 2. Bf4 e6 3. e3 c5 4. c3 Nc6 5. Nf3 d5 6. Nbd2 cxd4 7. exd4 Nh5 8. Be3 Bd6 9. Bd3 Nf4 10. Bxf4 Bxf4 11.
O-O O-O 12. Qe2 f6 13. g3 Bc7 14. Nh4 e5 15. Qh5 e4 16. Bc2 f5 17. f3 g6 18.
Qh6 g5 19. Ng2 Qe7 20. Rae1 Qg7 21. Qxg7+ Kxg7 22. fxe4 dxe4 23. g4 Ne7 24. gxf5 Bxf5 25. Bxe4 Bxe4 26. Nxe4 Rxf1+ 27. Rxf1 h6 28. Nf6 Rf8 29.
Nh5+ Kg8 30. Rxf8+ Kxf8 31. Ng3 Kf7 32. Ne3 Ke6 33.
Ne4 Bf4 34. Kf2 b6 35. h3 h5 36. c4 Nc8 37. b4 a6 38. a4 a5 39. bxa5 bxa5 40.
Nc5+ Ke7 41. Nd5+ Kd6 42. Nxf4 gxf4 43. Nb7+ Ke6 44. Nxa5 Nb6 45. Kf3 Kf5 46. c5 Nxa4 47. c6 Nb6 48. c7 Nc8 49. Nc4 Ke6 50. Kxf4 Kd5 51. Ne3+ Kxd4 52. Nf5+ Kd5 53. Kg5 Ke6 54. Ng7+ Kd7 55. Kxh5 Kxc7 56. Kg6 Ne7+ 57. Kf7 Nd5 58. h4 Kd6 59. h5 Nf4 60. h6 1-0

[Event "Late-Titled-Tuesday-Blitz-January-23-2024"]
[Site "Chess.com"]
[Date "2024.01.23"]
[Round "1"]
[White "chessprincesa1"]
[Black "GP9isback23"]
[Result "0-1"]
[WhiteElo "2304"]
[BlackElo "2618"]
[TimeControl "180+1"]
[EndTime "14:08:18 PST"]
[Termination "GP9isback23 won on time"]

1. Nf3 Nf6 2. d4 e6 3. c4 b6 4. e3 Bb7 5. Be2 Be7 6. O-O O-O 7. b3 Ne4 8. Bb2 f5 9. Nbd2 d6 10. Rc1 Nd7 11. Nxe4 fxe4 12. Ne1 Bg5 13. Nc2 Qe7 14. f4 exf3 15. Bxf3 Bxf3 16. Rxf3 Bf6 17. Nb4 a5 18. Nc6 Qe8 19. Qf1 Nb8 20. Nxb8 Rxb8 21. Rd1 Qe7 22. e4 e5 23. d5 Qd7 24. Rf5 Bg5 25. Rd3 Rxf5 26. Qxf5 Qxf5 27. exf5 Rf8 28.
g4 Kf7 29. Kg2 Kf6 30. Kf3 h5 31. h3 g6 32. Ke4 gxf5+ 33. gxf5 Bf4 34. Rf3 Kg5 35.
Bc3 Rxf5 36. Be1 Rf7 37. Bg3 Rf6 38. Bf2 Kg6 39. a3 Kf7 40. Bh4 Rg6 41. b4 a4 42.
c5 bxc5 43. bxc5 Rg2 44. Bf2 dxc5 45. Bxc5 Re2+ 46. Kd3 Rb2 47. Be3 Rb3+ 48. Ke2 Rxe3+ 49. Rxe3 Bxe3 50. Kxe3 Ke7 51. Ke4 Kd6 52. h4 c6 53.
dxc6 Kxc6 54. Kxe5 Kc5 55. Kf5 Kc4 56. Kg5 Kb3 57.
Kxh5 Kxa3 58. Kg6 Kb3 59. h5 a3 60. h6 a2 61. h7 a1=Q 62. Kf7 Qh8 63. Kg6 Kc4 0-1

[Event "Late-Titled-Tuesday-Blitz-January-23-2024"]
[Site "Chess.com"]
[Date "2024.01.23"]
[Round "1"]
[White "vyprd"]
[Black "aghasiyevkamal"]
[Result "0-1"]
[WhiteElo "2323"]
[BlackElo "2638"]
[TimeControl "180+1"]
[EndTime "14:08:21 PST"]
[Termination "aghasiyevkamal won by resignation"]

1. e4 e5 2. Nf3 Nc6 3. Bc4 Bc5 4. d3 Nf6 5. Nc3 d6 6. Bg5 h6 7. Bxf6 Qxf6 8. Nd5 Qd8 9. c3 O-O 10. d4 exd4 11.
cxd4 Bb6 12. Nxb6 axb6 13. d5 Ne7 14. O-O Ng6 15. h3 Qf6 16. Rc1 Nf4 17. Kh2 Qxb2 18.
Bb3 Re8 19. Rxc7 Rxe4 20. Qc1 Qxc1 21. Rfxc1 Re8 22. Nd4 Nd3 23. R1c2 Nc5 24. Nb5 Bf5 25. Rd2 Rad8 26. f3 Re3 27. Nd4 Bd7 28. Kg3 Rc3 29. Kh2 Rc8 30. Rxc8+ Bxc8 31. Re2 Kf8 32. Nb5 Rd3 33. Nxd6 Bd7 34. Ne4 Nxb3 35. axb3 Rxd5 36. Rd2 Rxd2 37. Nxd2 Ke7 38. Kg3 Kd6 39. Kf4 Kc5 40. Ke5 Be6 41. f4 Kb4 42. f5 Bxb3 43. f6 gxf6+ 44. Kxf6 Be6 45. g4 Kc3 46. Ne4+ Kd4 47.
Nd6 Kd5 48. Nxb7 b5 49. Na5 b4 50. Kg7 Kc5 51. Kxh6 Kb5 52. Nb7 b3 53. Nd6+ Kb4 54.
Ne4 b2 55. Nd2 Kc3 56. Nb1+ Kb4 57. Kg5 Ba2 58. Nd2 Kc3 59. Ne4+ Kd4 60. Nd2 Kd3 61. Nf3 b1=Q 62. h4 Ke4 63. Nd2+ Ke5 64. Nxb1 Bxb1 65.
h5 f6+ 66. Kh6 Kf4 67. Kg7 Kg5 68. h6 Bg6 69. h7 Bxh7 70. Kxh7 Kxg4 71. Kg6 f5 0-1

[Event "Late-Titled-Tuesday-Blitz-January-23-2024"]
[Site "Chess.com"]
[Date "2024.01.23"]
[Round "1"]
[White "ViIIagra"]
[Black "brunoo2003"]
[Result "0-1"]
[WhiteElo "2961"]
[BlackElo "2523"]
[TimeControl "180+1"]
[EndTime "14:08:25 PST"]
[Termination "brunoo2003 won by resignation"]

1. g3 h5 2. Nf3 d5 3. Bg2 Nc6 4.
d4 Bf5 5. O-O h4 6. Nxh4 Rxh4 7.
gxh4 e6 8. Bg5 Be7 9. Qd2 Nf6 10. Nc3 Qd7 11. f3 O-O-O 12. e4 dxe4 13. fxe4 Bg6 14. e5 Ng8 15. Bxc6 Qxc6 16. Rad1 f6 17. Bf4 Bh5 18. Rde1 Bc5 19. Be3 fxe5 20. d5 exd5 21. Bxc5 Qxc5+ 22. Qf2 Qxf2+ 23. Rxf2 e4 24. Rf5 Nf6 25.
Rg5 g6 26. Rf1 Rd6 27. Nb5 Rb6 28. Nd4 Kd7 29. c3 Ke7 30. b4 Ra6 31. a4 Rd6 32.
Re5+ Kd7 33. Nb5 Ra6 34. a5 Be2 35. Rxf6 Rxf6 36. Rxd5+ Kc8 37. Nd4 Bc4 38. Re5 Bd3 39.
Kg2 Kd7 40. Rd5+ Ke7 41. h5 gxh5 42. Rxh5 b6 43. axb6 axb6 44. b5 Kd6 45. Rg5 e3 46. Rg3 Bf1+ 47. Kg1 e2 48. Re3 Kc5 49. Nxe2 Bxe2 50.
Rxe2 Kxb5 51. Re4 Rc6 52. c4+ Rxc4 53. Re5+ Rc5 54. Re3 Rh5 55. Kg2 c5 56. Kg3 c4 57.
h4 Kc5 58. Kg4 Rh8 59. Rh3 b5 60. h5 b4 61. Kf4 b3 62. Ke3 b2 63. Rh1 Kb4 64. Kd2 Rxh5 0-1

[Event "Late-Titled-Tuesday-Blitz-January-23-2024"]
[Site "Chess.com"]
[Date "2024.01.23"]
[Round "1"]
[White "BogdanDeac"]
[Black "DanylaBagrov"]
[Result "1-0"]
[WhiteElo "3064"]
[BlackElo "2532"]
[TimeControl "180+1"]
[EndTime "14:08:26 PST"]
[Termination "BogdanDeac won by checkmate"]

1. d4 d6 2. Bf4 f5 3. e3 Nf6 4.
Nc3 g6 5. h4 Bg7 6. h5 Nxh5 7.
Rxh5 gxh5 8. Qxh5+ Kf8 9. Nf3 Qe8 10. Qh4 Nd7 11. Nd5 Qd8 12. Bh6 c6 13. Nf4 Nf6 14. O-O-O e6 15. Bg5 h6 16. Bxf6 Bxf6 17. Qh5 Qe8 18. Qh3 Qf7 19. Bc4 d5 20. Be2 Bd7 21.
Nd3 Ke7 22. Nfe5 Qg7 23. g4 Raf8 24. Nxd7 Kxd7 25. gxf5 exf5 26. Qxf5+ Kc7 27. Nf4 Kb8 28. Ne6 Qd7 29. Qf4+ Kc8 30. Nxf8 Rxf8 31. Qxh6 Be7 32. Qh5 Kb8 33. Rf1 Bd6 34. Bd3 a5 35. a3 Qe7 36.
Kb1 a4 37. Qd1 Rf6 38. c3 b5 39. f3 Qxe3 40. Bc2 Qf4 41. Bd3 Re6 42. Qc2 Re3 43. Be2 Kc7 44. Bd1 Qf6 45. Rg1 Re7 46. Qf2 Bf4 47. Bc2 Be3 48. Qg3+ Bf4 49. Qg4 Qe6 50. Qxf4+ Kb6 51. Qb8+ Rb7 52. Qd8+ Ka6 53. Rg8 Qe3 54.
Ka2 Qd2 55. Bf5 Qd1 56. Qa8+ Kb6 57. Qd8+ Ka6 58. Qd6 Qb3+ 59. Ka1 Kb6 60. Bb1 b4 61. Qc5+ Ka6 62. Ra8+ Ra7 63. Rxa7# 1-0

[Event "Late-Titled-Tuesday-Blitz-January-23-2024"]
[Site "Chess.com"]
[Date "2024.01.23"]
[Round "1"]
[White "OneTrickPony_82"]
[Black "dmitrijiIM"]
[Result "0-1"]
[WhiteElo "2498"]
[BlackElo "2929"]
[TimeControl "180+1"]
[EndTime "14:08:26 PST"]
[Termination "dmitrijiIM won by resignation"]

1. d4 Nf6 2. c4 g6 3. Nc3 Bg7 4. e4 d6 5. Nf3 O-O 6. Be2 e5 7. O-O exd4 8. Nxd4 Re8 9. f3 c6 10. Nc2 Na6 11. Kh1 Nc7 12. Bg5 h6 13. Bh4 d5 14. cxd5 cxd5 15. Nxd5 Ncxd5 16. exd5 Qxd5 17. Qxd5 Nxd5 18. Bc4 Be6 19. Rad1 Nf4 20. Bb5 Rec8 21. Nd4 Bc4 22. Rfe1 Nd3 23. Bxc4 Nxe1 24. Bb3 Bxd4 25.
Rxd4 Rc1 26. Bd1 Nc2 27. Rd3 Ne3 28. Rxe3 Rxd1+ 29. Be1 Rc8 30. Kg1 Rc2 31. h4 h5 32.
Kh2 Rd8 33. Bc3 b5 34. a3 Rc8 35. Kg3 a5 36. Re4 Kh7 37. Re7 Kg8 38. Re4 R8xc3 39. bxc3 Rxc3 40. Re8+ Kg7 41. Rb8 Rb3 42. Kf4 a4 43.
Rb7 Kf6 44. Rb6+ Ke7 45. g4 Kd7 46. gxh5 gxh5 47. Kg5 Kc7 48. Rf6 Rxa3 49. Kxh5 Rc3 50. Rxf7+ Kb6 51. Kg4 a3 52. Rf6+ Rc6 53. Rf8 a2 54.
Ra8 Rc4+ 55. Kg3 Ra4 56. Rxa4 bxa4 0-1

[Event "Late-Titled-Tuesday-Blitz-January-23-2024"]
[Site "Chess.com"]
[Date "2024.01.23"]
[Round "1"]
[White "M1711"]
[Black "smotherhubbard"]
[Result "1-0"]
[WhiteElo "2638"]
[BlackElo "2323"]
[TimeControl "180+1"]
[EndTime "14:08:26 PST"]
[Termination "M1711 won by resignation"]

1. b3 e5 2. Bb2 d6 3. e3 Nd7 4. d3 f5 5. c4 Ngf6 6. Nc3 g6 7. g3 Bg7 8. Bg2 O-O 9. Nge2 c6 10. O-O Rf7 11. Qd2 Nf8 12. d4 Qc7 13. Rad1 Bd7 14. dxe5 dxe5 15. Na4 Re8 16. Qd6 Qxd6 17. Rxd6 g5 18.
Rfd1 Ng6 19. Nc5 Bc8 20. Rd8 Rff8 21. Rxe8 Rxe8 22. Kf1 Bf8 23. Nd3 Kf7 24. Ne1 h5 25. Nc2 a5 26. a3 Bg7 27. b4 axb4 28. axb4 h4 29. b5 cxb5 30. cxb5 hxg3 31. hxg3 f4 32.
gxf4 gxf4 33. exf4 Nxf4 34. Nxf4 exf4 35. Nb4 Be6 36. b6 Bc4+ 37. Kg1 Re7 38. Rc1 Be2 39. Bxf6 Bxf6 40. Nd5 Rd7 41. Rc7 Bg4 42. Nxf4 Be5 43.
Nd3 Bxc7 44. bxc7 Rxc7 45. Ne5+ Ke6 46. Nxg4 Rc1+ 47. Kh2 b5 48. Kg3 b4 49. Ne3 b3 50.
Bd5+ Ke5 51. Bxb3 Rg1+ 52. Kf3 Rg7 53. Bc2 Rf7+ 54. Ke2 Kd4 55. Nf5+ Ke5 56. Ke3 Rc7 57. Bd3 Rc3 58. f4+ Kf6 59. Ng3 Ra3 60. Ne4+ Ke6 61.
Nf2 Kf6 62. Ke4 Ra4+ 63. Kf3 Ke6 64. Be4 Kf6 65. Kg4 Rb4 66. Kf3 Rb3+ 67. Kg2 Rb2 68. Kg3 Rb3+ 69. Bf3 Kf5 70. Ng4 Rb4 71. Ne3+ Kf6 72.
Nd5+ Kf5 73. Nxb4 1-0

[Event "Late-Titled-Tuesday-Blitz-January-23-2024"]
[Site "Chess.com"]
[Date "2024.01.23"]
[Round "1"]
[White "DonJuan_34"]
[Black "Alex_Sahakyan2006"]
[Result "0-1"]
[WhiteElo "2401"]
[BlackElo "2718"]
[TimeControl "180+1"]
[EndTime "14:08:27 PST"]
[Termination "Alex_Sahakyan2006 won by resignation"]

1. d4 Nf6 2. c4 c5 3. d5 b5 4.
cxb5 a6 5. bxa6 g6 6. Nc3 Bg7 7.
e4 O-O 8. e5 Ne8 9. Nf3 Bxa6 10. Bxa6 Nxa6 11. O-O d6 12. Re1 Nac7 13. a4 Ra6 14.
Bf4 Rb6 15. Qd2 Qb8 16. Rab1 Rb4 17. Bh6 Qc8 18. h3 Qf5 19. exd6 exd6 20. Bxg7 Kxg7 21. Qg5 Qxg5 22. Nxg5 Nf6 23. Nge4 Nxe4 24. Nxe4 Rxa4 25. Nxd6 Nxd5 26. Ne4 Rc8 27. Rbc1 Ra5 28. Nd6 Rc6 29. Nc4 Ra2 30. Red1 Nf4 31. Rd2 Ne6 32. Ne5 Rc7 33. Nd3 Rd7 34. Rcc2 Nd4 35. Nxc5 Rd5 36. Ne4 f5 37. Nc3 Rd7 38. Kh2 Raa7 39. Ne2 Nxc2 40.
Rxc2 Rac7 41. Rxc7 Rxc7 42. Nd4 Rb7 43. b3 Rb4 44.
Ne6+ Kf6 45. Nc5 Rb5 46. Nd3 Rxb3 47. Ne1 Rb2 48. Kg1 Rb1 49. Kf1 f4 50. Ke2 Rb2+ 51. Kf1 Kf5 52. Nf3 g5 53. Nd4+ Ke4 54. Nf3 h6 55.
Nh2 Kd3 56. g3 fxg3 57. Ng4 gxf2 58. Nxf2+ Ke3 59. Ng4+ Kf3 60. Ne5+ Kg3 61. Ng4 Kxh3 62. Nxh6 g4 63. Nf5 g3 0-1

[Event "Late-Titled-Tuesday-Blitz-January-23-2024"]
[Site "Chess.com"]
[Date "2024.01.23"]
[Round "1"]
[White "Mops_2004"]
[Black "SergioMoralesG"]
[Result "1-0"]
[WhiteElo "2854"]
[BlackElo "2463"]
[TimeControl "180+1"]
[EndTime "14:08:28 PST"]
[Termination "Mops_2004 won by checkmate"]

1. Nf3 c5 2. c4 Nc6 3. Nc3 Nf6 4. d4 cxd4 5. Nxd4 e6 6. e4 Bb4 7. Nxc6 bxc6 8. Bd3 e5 9. O-O Bc5 10. Re1 h6 11.
Be3 Qe7 12. a3 a5 13. Bxc5 Qxc5 14. b4 axb4 15. axb4 Rxa1 16. bxc5 Rxd1 17. Rxd1 Ke7 18. Ra1 Nh7 19. Na4 Ng5 20. Nb6 Bb7 21. Ra7 Rb8 22. f3 Ne6 23. Na4 Ra8 24. Rxa8 Bxa8 25. Kf2 Bb7 26. Ke3 d6 27. cxd6+ Kxd6 28. g3 Nc5 29. Nb2 Ba6 30. f4 f6 31. Be2 g5 32. fxg5 fxg5 33.
h4 Ne6 34. hxg5 hxg5 35. Bg4 Nd4 36. Kd3 Kc5 37. Kc3 Kd6 38. Nd3 c5 39. Nf2 Bb7 40. Kd3 Bc6 41. Nh3 Ba4 42. Nxg5 Bc2+ 43. Kc3 Ba4 44.
Nf7+ Ke7 45. Nxe5 Kf6 46. Nd3 Kg5 47. Bc8 Bc6 48. Nxc5 Ne2+ 49. Kb4 Nxg3 50. e5 Kf4 51. e6 Nf5 52. Ka5 Ne7 53. Bd7 Ke5 54. Kb6 Bf3 55. Kc7 Kd4 56. Nb3+ Kxc4 57. Nd2+ Kd5 58. Nxf3 Ng6 59.
Kd8 Nf8 60. e7 Ne6+ 61. Bxe6+ Kxe6 62. e8=Q+ Kf5 63. Qe5+ Kg6 64. Qf4 Kg7 65. Qf5 Kg8 66. Qf6 Kh7 67. Ke7 Kg8 68. Ke6 Kh7 69. Kf5 Kg8 70.
Qe7 Kh8 71. Kg6 Kg8 72. Qe8# 1-0

[Event "Late-Titled-Tuesday-Blitz-January-23-2024"]
[Site "Chess.com"]
[Date "2024.01.23"]
[Round "1"]
[White "Njal28"]
[Black "valeriocarnicelli"]
[Result "1-0"]
[WhiteElo "3039"]
[BlackElo "2527"]
[TimeControl "180+1"]
[EndTime "14:08:30 PST"]
[Termination "Njal28 won on time"]

1. d4 Nf6 2. c4 c5 3. d5 b5 4. cxb5 a6 5. e3 g6 6. Nc3 Bg7 7.
a4 O-O 8. Ra3 d6 9. e4 axb5 10.
Bxb5 Na6 11. Nf3 Nb4 12. h3 Ba6 13. O-O Bxb5 14. axb5 Nd7 15. Rxa8 Qxa8 16. Bg5 Re8 17. Qd2 Nb6 18. Bh6 Bh8 19. Re1 Qa5 20. Qe2 Nd7 21. Bf4 Na2 22. e5 Nxc3 23. bxc3 dxe5 24.
Nxe5 Nxe5 25. Bxe5 Bxe5 26. Qxe5 Qxb5 27. d6 e6 28. Rd1 Rd8 29. h4 h5 30. g3 Rd7 31. Qf4 Qc6 32. c4 Qa6 33. Qe5 Qc6 34. Rd2 Rd8 35. Rd3 Rd7 36. Qf4 Rd8 37. g4 Ra8 38.
Rd1 hxg4 39. Qxg4 Rd8 40. Qg3 Qe4 41. h5 Qe2 42. Rd3 Qxh5 43. d7 e5 44. Rd5 Qf5 45. Rxe5 Qxd7 46. Rxc5 Qd1+ 47. Kg2 Qd4 48. Rg5 Qe4+ 49.
Qf3 Qxf3+ 50. Kxf3 Rd4 51. c5 Rc4 52. Rd5 Kg7 53.
Ke3 Kf6 54. Kd3 Rc1 55. Kd4 Ke6 56. Rd6+ Ke7 57. Kd5 Rd1+ 58. Kc6 Rc1 59. Rd2 f5 60. f4 Rc4 61. Rf2 Ke6 62. Kb6 Kd5 63. Rd2+ Ke4 64.
c6 Kxf4 65. Kb5 Rc3 66. Rd5 1-0

[Event "Late-Titled-Tuesday-Blitz-January-23-2024"]
[Site "Chess.com"]
[Date "2024.01.23"]
[Round "1"]
[White "NikolaGry"]
[Black "H7DJK"]
[Result "1-0"]
[WhiteElo "2749"]
[BlackElo "2426"]
[TimeControl "180+1"]
[EndTime "14:08:30 PST"]
[Termination "NikolaGry won by resignation"]

1. d4 Nf6 2. Bg5 Ne4 3. h4 c5 4. dxc5 Qa5+ 5. Nd2 Nxg5 6. hxg5 Qxc5 7. g6 fxg6 8. e3 Nc6 9. Ngf3 d6 10. Nb3 Qb6 11. Nh4 Bf5 12. Bd3 Bxd3 13. cxd3 Ne5 14. d4 g5 15. dxe5 gxh4 16. exd6 Qb4+ 17. Qd2 Qxd2+ 18.
Kxd2 exd6 19. Rxh4 Be7 20. Rc4 Kd7 21. Rh1 h6 22. Nd4 Rac8 23. Rxc8 Rxc8 24. Kd3 Bf6 25. g4 Bxd4 26. exd4 Rf8 27. Ke3 Ke6 28. Rh5 Rc8 29.
Rb5 b6 30. a4 Rc2 31. a5 bxa5 32. Rxa5 Rxb2 33. Rxa7 Rb3+ 34. Ke2 Rb2+ 35. Kf3 Rb3+ 36. Kg2 g6 37. Rh7 Rd3 38. Rxh6 Kf6 39. Rh8 Rxd4 40. Kg3 Kg5 41. f3 Rd3 42. Rd8 d5 43. Rd6 Rd4 44.
Rd7 Rd3 45. Rf7 d4 46. Kh3 Re3 47. Kg3 Rc3 48. Rd7 Rd3 49. Rd5+ Kf6 50. Kf4 Rd1 51. Ke4 Re1+ 52. Kxd4 Re2 53. Kd3 Re1 54. Kd2 Re8 55. Kd3 Re1 56. Kd2 Re8 57. Rc5 Re7 58. g5+ Kf7 59. Rd5 Re6 60. Rd4 Re5 61. Rf4+ Ke6 62.
Re4 Rxe4 63. fxe4 Ke5 64. Ke3 Ke6 65. Kd4 Kd6 66. e5+ Ke6 67. Ke4 Ke7 68. Kd5 Kd7 69. e6+ Ke7 70. Ke5 1-0

[Event "Late-Titled-Tuesday-Blitz-January-23-2024"]
[Site "Chess.com"]
[Date "2024.01.23"]
[Round "1"]
[White "bazar-wokzal"]
[Black "Cluke86"]
[Result "1/2-1/2"]
[WhiteElo "2577"]
[BlackElo "2256"]
[TimeControl "180+1"]
[EndTime "14:08:31 PST"]
[Termination "Game drawn by repetition"]

1. e4 e6 2. d4 d5 3. e5 c5 4. c3 Nc6 5. Nf3 Bd7 6. a3 c4 7. b4 f6 8. b5 Na5 9. a4 Nb3 10.
Ra2 fxe5 11. Nxe5 Nf6 12. Nd2 Nxc1 13. Qxc1 Bd6 14. Ndf3 O-O 15. Be2 Ne4 16. O-O a6 17. bxa6 bxa6 18. Qe3 Nf6 19. Ng5 Qe7 20. f4 Rab8 21.
Nxd7 Qxd7 22. Qxe6+ Qxe6 23. Nxe6 Rfe8 24. f5 Ne4 25. Bf3 Nxc3 26. Rc2 Rb3 27. Rfc1 Bb4 28.
Nc7 Rd8 29. Nxa6 Nxa4 30. Nc7 Nb6 31. Re2 Kf7 32. Re6 Ba3 33. Rd1 c3 34. Rxb6 Rxb6 35. Nxd5 Rbd6 36. Nxc3 Rxd4 37. Rxd4 Rxd4 38. Kf2 Bc5 39. Ke2 Rd8 40. Ne4 Be7 41. g4 Rb8 42. Kf2 Bh4+ 43. Ke3 Rb2 44. h3 Be7 45. Kf4 h6 46.
Nc3 Bd6+ 47. Ke3 Rb3 48. Kd4 Be5+ 49. Kxe5 Rxc3 50. Kf4 Kf6 51. h4 Rc4+ 52. Be4 g5+ 53.
fxg6 Rb4 54. g5+ hxg5+ 55. hxg5+ Kg7 56. Kf5 Rb5+ 57. Kf4 Rc5 58. Kg4 Re5 59. Kf4 Ra5 60. Kg4 Ra1 61. Kf4 Rg1 62. Bf5 Rf1+ 63. Ke5 Rf2 64.
Be4 Rf1 65. Bf5 Rg1 66. Kf4 Rf1+ 67. Ke5 1/2-1/2

[Event "Late-Titled-Tuesday-Blitz-January-23-2024"]
[Site "Chess.com"]
[Date "2024.01.23"]
[Round "1"]
[White "The_Machine04"]
[Black "ITheOnlyME"]
[Result "1-0"]
[WhiteElo "2714"]
[BlackElo "2399"]
[TimeControl "180+1"]
[EndTime "14:08:32 PST"]
[Termination "The_Machine04 won by resignation"]

1. d4 Nf6 2. Nf3 g6 3. Nbd2 Bg7 4. e4 d6 5. Bc4 O-O 6. O-O c6 7. Bb3 a5 8. a4 Nbd7 9. e5 dxe5 10. dxe5 Nd5 11.
e6 fxe6 12. Ne4 N7f6 13. Qe2 Nxe4 14. Qxe4 e5 15. Nxe5 Bf5 16. Qe2 Kh8 17. Re1 Qd6 18. Nc4 Qf6 19. Bd2 Rae8 20. Ne5 b6 21. h3 Bc8 22.
Rad1 Bb7 23. Nd7 Qxb2 24. Nxf8 Rxf8 25. Bxd5 cxd5 26. Qxe7 Bc6 27. Rb1 Qxc2 28. Be3 Qf5 29. Rxb6 Bxa4 30. Rb7 Qf6 31. Qxf6 Bxf6 32. Bh6 Rd8 33.
Re6 Bc3 34. Rd6 Re8 35. g3 d4 36. Bg7+ Kg8 37. Bxd4 Bxd4 38. Rxd4 Bc6 39. Rb1 a4 40. Rbd1 a3 41. Rd8 a2 42. Rxe8+ Bxe8 43. Kf1 Bb5+ 44.
Ke1 Bd3 45. Ra1 Bc4 46. Kd2 Kf7 47. Kc3 Bd5 48. Kb2 Be6 49. Rxa2 Bxh3 50. Kc3 Kf6 51. Ra5 Bf5 52. Kd4 Kg5 53. f3 h5 54. Ke3 Kf6 55.
Kf4 g5+ 56. Ke3 h4 57. gxh4 gxh4 58. Kf4 Be6 59. Rh5 h3 60. Rh6+ Ke7 61. Ke5 Bc8 62. f4 Kf7 63. f5 Kg7 64. Rxh3 Kf7 65. Rc3 Ba6 66. Rc7+ Kf8 67. Kf6 Ke8 68. Kg7 Kd8 69. Ra7 Bc4 70. f6 1-0

[Event "Late-Titled-Tuesday-Blitz-January-23-2024"]
[Site "Chess.com"]
[Date "2024.01.23"]
[Round "1"]
[White "AndreyNeves"]
[Black "TimGrutter03"]
[Result "0-1"]
[WhiteElo "2018"]
[BlackElo "2552"]
[TimeControl "180+1"]
[EndTime "14:08:33 PST"]
[Termination "TimGrutter03 won by checkmate"]

1. d4 d6 2. Nf3 Nd7 3. c4 a6 4.
Nc3 b6 5. e4 e6 6. Bd3 g6 7.
O-O Bg7 8. Be3 Bb7 9. Qd2 h6 10.
Rfe1 Ne7 11. Rad1 e5 12. d5 a5 13. Bc2 Bc8 14. Ba4 Kf8 15. Bc6 Rb8 16. a3 Nf6 17. h3 Nxc6 18. dxc6 Be6 19. Qd3 Qe8 20. Nd5 Qxc6 21. b4 axb4 22. axb4 Bxd5 23. cxd5 Qd7 24. b5 Kg8 25. Rc1 Kh7 26. Rc6 Rhc8 27. Rec1 Ne8 28. g4 Rd8 29. Kg2 Ra8 30. Nh2 Ra4 31.
R1c4 Ra2 32. Rc2 Ra4 33. R2c4 Ra5 34. Rc2 Rda8 35. Qe2 Ra4 36. Qd3 Bf6 37. Qd2 Rxe4 38. Bxh6 Rd4 39. Qc1 Rxd5 40. g5 Bd8 41. Ng4 Rxb5 42.
Qe3 Ra4 43. Qf3 Rf4 44. Qg3 Qf5 45. Ne3 Qe4+ 46. Kh2 Rb1 47. Ng2 Ng7 48. Bxg7 Kxg7 49. R6c4 Qxc4 50. Rxc4 Rxc4 51. Ne3 Rf4 52. Nd5 Rf5 53.
Qg4 Rxf2+ 54. Kg3 Rf5 55. Qe2 Rg1+ 56. Kh2 Rgxg5 57. Nf6 Bxf6 58. Qe1 Rf4 59. h4 Rgf5 60. h5 Rf2+ 61. Kh3 R5f3+ 62. Kg4 gxh5+ 63. Kxh5 Rf5+ 64. Kg4 Rg5+ 65. Kh3 Rf3+ 66. Kh2 Rf4 67. Qd1 Rh4# 0-1

[Event "Late-Titled-Tuesday-Blitz-January-23-2024"]
[Site "Chess.com"]
[Date "2024.01.23"]
[Round "1"]
[White "kaanadayhamle"]
[Black "kingofthenil"]
[Result "0-1"]
[WhiteElo "2393"]
[BlackElo "2702"]
[TimeControl "180+1"]
[EndTime "14:08:38 PST"]
[Termination "kingofthenil won by resignation"]

1. Nf3 c6 2. d4 f5 3. c4 Nf6 4. Nc3 g6 5. Bg5 Bg7 6. Qd2 h6 7. Bf4 g5 8. Be5 d6 9. Bxf6 Bxf6 10. h4 g4 11. Ng1 e5 12. dxe5 dxe5 13. Qxd8+ Kxd8 14. e3 e4 15. O-O-O+ Kc7 16. Nce2 Nd7 17.
Nf4 Ne5 18. b3 a5 19. a4 Re8 20. Nge2 Nd7 21. Nd4 Nc5 22. Kc2 Ra6 23. Be2 Rb6 24.
Rb1 Bd7 25. g3 Ra8 26. Rhd1 Rb4 27. Rd2 Ra6 28. Rdd1 Rab6 29. Nb5+ Kd8 30. Rd6 Ke7 31. Ng6+ Kf7 32. Nf4 cxb5 33. Rxb6 bxa4 34. Rxb4 axb4 35. bxa4 Bxa4+ 36. Kd2 Bc3+ 37. Kc1 Nb3+ 38. Rxb3 Bxb3 39. Nd5 Be1 40. Kb2 Ba4 41. c5 Bxf2 42. Bc4 Kg7 43. Ne7 Kf6 44. Ng8+ Ke5 45. Nxh6 Bxe3 46. Nf7+ Kf6 47. h5 f4 48. gxf4 g3 49. Ng5 Bxf4 50.
Nxe4+ Ke5 51. Nxg3 Bxg3 52. h6 Kd4 53. h7 Be5 54. Bf7 Kxc5+ 55. Kb1 b3 56. Bg6 Kb4 57. Bd3 Kc3 58. Bg6 Bc6 59. Bf5 b6 60. Bg6 Bh8 61. Bf5 Bf3 62. Bg6 Bd1 63. Kc1 Be2 64. Bc2 Bf6 65.
Bg6 Bd3 66. Bxd3 Kxd3 67. Kb1 Bh8 68. Kc1 Kc4 69. Kb1 Kb4 70. Kc1 Ka3 71. Kb1 b5 72.
Kc1 Ka2 0-1

[Event "Late-Titled-Tuesday-Blitz-January-23-2024"]
[Site "Chess.com"]
[Date "2024.01.23"]
[Round "1"]
[White "vidavi"]
[Black "Byniolus"]
[Result "0-1"]
[WhiteElo "2472"]
[BlackElo "2870"]
[TimeControl "180+1"]
[EndTime "14:08:40 PST"]
[Termination "Byniolus won on time"]

1. Nf3 d5 2. d4 Bf5 3. c4 e6 4. Nc3 c6 5. Qb3 Qb6 6. c5 Qc7 7. Bf4 Qc8 8. e3 Nd7 9. Be2 Be7 10. O-O h6 11. h3 Ngf6 12. Qd1 O-O 13. b4 a6 14. a4 Re8 15. Ne5 Nxe5 16. dxe5 Nd7 17. a5 f6 18. exf6 Bxf6 19. Rc1 e5 20. Bg3 e4 21. Nxd5 cxd5 22. Qxd5+ Be6 23. Qxe4 Bxh3 24. Qf3 Be6 25. c6 bxc6 26. Rxc6 Qd8 27. Rxe6 Rxe6 28. Bc4 Nf8 29. Rd1 Qe8 30. Rd6 Rc8 31. Qg4 Rxc4 32.
Qxc4 Kh8 33. Rxe6 Qxe6 34. Qxe6 Nxe6 35. Kf1 Be7 36. b5 axb5 37. a6 Bc5 38. Ke2 Nd8 39.
Bd6 Ba7 40. e4 Nc6 41. e5 Kg8 42. f4 Kf7 43. Kd3 g6 44. g4 h5 45. gxh5 gxh5 46.
f5 h4 47. Ke4 h3 48. Kd5 Nb4+ 49.
Ke4 Nxa6 50. e6+ Kf6 51. Be5+ Ke7 52. Kd5 Nb4+ 53. Ke4 Nc6 54. Bf4 Bd4 55. Kf3 b4 56. Kg3 b3 57. Bc1 Kf6 58. Kxh3 Kxf5 59. Kg3 Ke4 60.
Kg2 Kd3 61. Kf1 Bf6 62. Ba3 Nd4 63. Kf2 Nxe6 64. Kf3 Nd4+ 65. Kf4 Ne2+ 66. Kf5 Be7 67. Bb2 Bb4 0-1

[Event "Late-Titled-Tuesday-Blitz-January-23-2024"]
[Site "Chess.com"]
[Date "2024.01.23"]
[Round "1"]
[White "FoggyMorning"]
[Black "Fandorine"]
[Result "0-1"]
[WhiteElo "2505"]
[BlackElo "2972"]
[TimeControl "180+1"]
[EndTime "14:08:47 PST"]
[Termination "Fandorine won on time"]

1. e4 c5 2. Nf3 e6 3. d4 cxd4 4. Nxd4 Nf6 5. Nc3 Nc6 6. Ndb5 d6 7. Bf4 e5 8. Bg5 a6 9. Na3 b5 10. Nd5 Be7 11. Bxf6 Bxf6 12. c4 Nd4 13. cxb5 Bb7 14. Bc4 O-O 15. O-O axb5 16. Nxb5 Bxd5 17. exd5 Nxb5 18.
Bxb5 Qb6 19. a4 e4 20. Rb1 Be5 21. Qe2 f5 22. b4 Rf6 23. a5 Qa7 24. Bc6 Raf8 25.
a6 Rh6 26. h3 Bd4 27. Qb5 Bb6 28. Bd7 f4 29. Be6+ Kh8 30. Rbc1 f3 31. Rc8 Rf6 32. Qe8 h6 33. Qxf8+ Rxf8 34. Rxf8+ Kh7 35. Bf5+ g6 36. Bxe4 fxg2 37. Ra1 Qe7 38. a7 Bxa7 39. Rf4 Bd4 40.
Rd1 Be5 41. Rg4 h5 42. Rxg6 Kh8 43. Rh6+ Kg8 44. Rg6+ Kf8 45. Rxg2 Qb7 46. b5 Qxb5 47. Bf3 Qb3 48. Rg5 Qxf3 49. Re1 Qf4 50. Rg2 h4 51.
Re3 Qf5 52. Kf1 Qb1+ 53. Ke2 Qc2+ 54. Kf3 Qc4 55. Re4 Qd3+ 56. Re3 Qd1+ 57. Ke4 Qc2+ 58. Kf3 Kf7 59. Rg4 Qd1+ 60. Kg2 Qxd5+ 61. Rf3+ Ke6 62. Rxh4 Kd7 63. Rh7+ Kc6 64. Rf7 Qe6 65. h4 Qg4+ 66. Kf1 Qxh4 67. Ke2 Qc4+ 68. Kd2 d5 69. Rf8 Qd4+ 70. Ke2 Qe4+ 71. Kd2 Bd6 72. Rc8+ Kd7 73. Rcc3 Bb4 0-1